 Dungeon Crawl Stone Soup version 0.27-a0-1500-g450c7e4133 (webtiles) character file.

Game seed: 12926775014359914075

210 MrSixtyFour the Ruffian (level 5, 0/41 HPs)
             Began as a Draconian Transmuter on July 7, 2021.
             Succumbed to a water moccasin's poison
             ... on level 3 of the Dungeon.
             The game lasted 00:06:04 (2797 turns).

MrSixtyFour the Ruffian (Draconian Transmuter)      Turns: 2797, Time: 00:06:04

Health: 0/41       AC:  5    Str: 13    XL:     5   Next: 56%
Magic:  8/8        EV: 12    Int: 14    God:
Gold:   113        SH:  0    Dex: 11    Spells: 8/9 levels left

rFire    . . .     SeeInvis .     - Unarmed
rCold    . . .     Faith    .   (no shield)
rNeg     . . .     Spirit   .   (armour unavailable)
rPois    .         Reflect  .   (helmet currently unavailable)
rElec    .         Harm     .   (no cloak)
rCorr    .         Rampage  .   (no gloves)
Will     .....                  (boots currently unavailable)
Stlth    +.........             (no amulet)
HPRegen  0.13/turn              (no ring)
MPRegen  0.11/turn              (no ring)

@: lethally poisoned (0 -> -12), appendages (expiring)
A: horns 2, talons 2, AC +5, unfitting armour, cold-blooded
a: End Transformation


You were on level 3 of the Dungeon.
You had temporarily grown beastly horns and talons.
You visited 1 branch of the dungeon, and saw 4 of its levels.

You collected 113 gold pieces.

Inventory:

Missiles
 j - 5 silver javelins
 l - 113 stones
 m - 11 poisoned darts
Jewellery
 c - a +4 ring of protection
Wands
 q - a wand of acid (8)
Scrolls
 b - a scroll of immolation {unknown}
 e - a scroll of identify {unknown}
 g - a scroll of magic mapping {unknown}
 i - a scroll of vulnerability {unknown}
 k - a scroll of torment {unknown}
 o - a scroll of enchant weapon {unknown}
 p - a scroll of teleportation {unknown}
 r - a scroll of fog {unknown}
 t - a scroll of enchant armour {unknown}
Potions
 a - a potion of curing {unknown}
 d - a potion of flight {unknown}
 f - a potion of degeneration {unknown}
 h - a potion of lignification {unknown}
 n - a potion of brilliance {unknown}
 s - a potion of magic {unknown}


   Skills:
 + Level 2.2 Fighting
 + Level 2.5 Dodging
 * Level 4.3 Unarmed Combat
 + Level 2.6 Spellcasting
 + Level 2.8 Transmutations
 + Level 1.7 Poison Magic


You had 8 spell levels left.
You knew the following spells:

 Your Spells              Type           Power      Damage    Failure   Level
a - Beastly Appendage     Tmut           18%        N/A       7%          1

Your spell library contained the following spells:

 Spells                   Type           Power      Damage    Failure   Level
 Wereblood                Tmut           9%         N/A       11%         2
 Spider Form              Tmut/Pois      4%         N/A       26%         3
 Ice Form                 Ice/Tmut       5%         N/A       77%         4


Dungeon Overview and Level Annotations

Branches:
Dungeon (4/15)
 Temple: D:4-7

Altars:


Innate Abilities, Weirdness & Mutations

You have temporarily grown beastly horns and talons.
Your plain brown scales are hard. (AC +5)
You cannot fit into any form of body armour.
You are cold-blooded and may be slowed by cold attacks.


Message History

You hit the orc wizard. Your kick misses the orc wizard.
The orc wizard is moderately wounded.
The orc wizard hits you but does no damage.
You hit the orc wizard. You claw the orc wizard.
Your headbutt misses the orc wizard. Your punch misses the orc wizard.
The orc wizard is severely wounded.
You barely miss the orc wizard.
The orc wizard is severely wounded.
Your transformation is almost over.
The orc wizard hits you with a +0 dagger.
You hit the orc wizard.
You kill the orc wizard!
An orc comes into view. It is wielding a +0 mace.
You closely miss the orc.
The orc shouts!
The water moccasin bites you. The orc hits you but does no damage.
An orc comes into view. It is wielding a +0 mace.
The orc shouts!
You hit the orc but do no damage. Your kick misses the orc.
Your tail-slap misses the orc.
The water moccasin bites you. The orc hits you but does no damage.
The water moccasin closely misses you.
There is a stone staircase leading up here.
You closely miss the water moccasin.
Your headbutt misses the water moccasin.
The water moccasin bites you!
You are poisoned.
The water moccasin poisons you! The orc closely misses you.
You hit the water moccasin but do no damage.
You feel very sick. The water moccasin bites you.
* * * LOW HITPOINT WARNING * * *
The orc hits you with a +0 dagger.
* * * LOW HITPOINT WARNING * * *
* * * LOW HITPOINT WARNING * * *
You feel very sick. The water moccasin closely misses you.
The orc hits you with a +0 dagger.
* * * LOW HITPOINT WARNING * * *
You climb upwards.
You die...

.^# #######.# #.#
#.# #.# #.# #.#
#.# #.# #.# #.#
#.# #.## ##### #.#
#..#####...#####S#
...........'...o@#
...........#######
.#.#####..[# ...##
#..## ....# #..#
.##.####..#
..#.).....#
..#..#....#
..#..#....#


You could see a water moccasin and an orc.

Vanquished Creatures
  A water moccasin skeleton (D:3)
  A howler monkey (D:3)
  An orc wizard (D:4)
  Robin (D:3)
  An adder (D:3)
  A dart slug (D:1)
  5 orcs
  6 ball pythons
  5 bats
  8 endoplasms
  A giant cockroach (D:3)
  8 hobgoblins
  5 jackals (D:1)
  3 quokkas
  A frilled lizard (D:1)
  13 goblins
  3 kobolds
  4 rats
68 creatures vanquished.

Vanquished Creatures (others)
  A plant (D:1)
1 creature vanquished.

Grand Total: 69 creatures vanquished

Notes
Turn   | Place    | Note
-------+----------+-------------------------------------------
     0 | D:1      | MrSixtyFour the Draconian Transmuter began the quest for
                  | the Orb.
     0 | D:1      | Reached XP level 1. HP: 16/16 MP: 3/3
   161 | D:1      | Reached XP level 2. HP: 23/23 MP: 3/5
   561 | D:1      | Reached XP level 3. HP: 28/28 MP: 4/6
   807 | D:2      | Found a faded altar of an unknown god.
   807 | D:2      | Noticed a golden eye
   811 | D:2      | Noticed a shining eye
   811 | D:2      | Noticed an eye of devastation
   811 | D:2      | Noticed an eye of devastation
  1628 | D:3      | Reached skill level 1 in Poison Magic
  1628 | D:3      | Reached XP level 4. HP: 30/36 MP: 5/7
  1639 | D:3      | Noticed Robin
  1645 | D:3      | Killed Robin
  1975 | D:3      | Reached skill level 4 in Unarmed Combat
  2157 | D:3      | Reached XP level 5. HP: 21/41 MP: 8/8
  2721 | D:4      | Noticed a sky beast
  2786 | D:4      | Noticed a water moccasin
  2797 | D:3      | Succumbed to a water moccasin's poison

Illustrated notes

Levels and vault maps discovered:
D:1:      roderic_crossed_star, layout_rooms, serial_bayou_pond_a
D:2:      layout_loops_ring, hellmonk_ecumenical_altar_watching_god, hex_tiny
D:3:      layout_basic, grunt_ministairs_8, uniq_robin
D:4:      layout_rooms, trog_three_pillars_becter,
          minmay_temple_entry_sparse_star, chequers_serial_rivers_room_b,
          lightli_minifort

Skill      XL: |  1  2  3  4 |
---------------+-------------+-----
Dodging        | 2 |  2.5
Poison Magic   | 1 |  1.7
Unarmed Combat | 4 |  4.3
Fighting       | 2 |  2.2
Spellcasting   | |  2.6
Transmutations | |  2.8

Action                   |  1- 3 |  4- 6 || total
-------------------------+-------+-------++-------
Melee: Unarmed           |    87 |    97 ||   184
       Kick              |    13 |    10 ||    23
       Headbutt          |     6 |     7 ||    13
       Tailslap          |     4 |     6 ||    10
 Cast: Beastly Appendage |    19 |    11 ||    30
Armor: Skin              |    26 |    21 ||    47
Dodge: Dodged            |    64 |    41 ||   105

Table legend: (Time is in decaauts)
 A = Elapsed time spent in this place.
 B = Non-inter-level travel time spent in this place.
 C = Inter-level travel time spent in this place.
 D = Time resting spent in this place.
 E = Time spent auto-exploring this place.
 F = Levels seen in this place.
 G = Mean time per level.
                   A        B        C        D        E       F      G
               +--------+--------+--------+--------+--------+-----+--------+
         Total |   2787 |   2645 |    142 |    598 |   1603 |   4 |  696.8 |
       Dungeon |   2787 |   2645 |    142 |    598 |   1603 |   4 |  696.8 |
               +--------+--------+--------+--------+--------+-----+--------+

Top non-repeatable levels by time:
     D:3: 1208 daAuts
     D:2: 792 daAuts
     D:1: 768 daAuts
     D:4: 18 daAuts
